 Dungeon Crawl Stone Soup version 0.26-a0-200-g62faa89a7e (webtiles) character file.

Game seed: 16980610677680886171

43 MrRokkomies the Vexing (level 3, -2/24 HPs)
             Began as a Vampire Enchanter on July 5, 2020.
             Slain by an adder (3 damage)
             ... on level 2 of the Dungeon.
             The game lasted 00:03:52 (1214 turns).

MrRokkomies the Vexing (Vampire Enchanter)          Turns: 1214, Time: 00:03:53

Health: -2/24      AC:  2    Str:  8    XL:     3   Next: 37%
Magic:  0/6        EV: 13    Int: 17    God:
Gold:   49         SH:  0    Dex: 14    Spells: 3/6 levels left

rFire    . . .     SeeInvis +   a - +1 dagger
rCold    . . .     Faith    .   (no shield)
rNeg     . . .     Spirit   .   b - +0 robe
rPois    .         Reflect  .   (no helmet)
rElec    .         Harm     .   (no cloak)
rCorr    .                      (no gloves)
MR       .....                  (no boots)
Stlth    +++.......             (no amulet)
HPRegen  0.28/turn              (no ring)
MPRegen  0.10/turn              (no ring)

@: lethally poisoned (-2 -> -3), very slightly contaminated, regenerating
quickly, hasted, very quick
A: no food, fangs 3, see invisible, unbreathing
a: Exsanguinate


You were on level 2 of the Dungeon.
You were alive.

You visited 1 branch of the dungeon, and saw 2 of its levels.

You collected 49 gold pieces.

Inventory:

Hand Weapons
 a - a +1 dagger (weapon)
Armour
 b - a +0 robe (worn)
Scrolls
 c - 2 scrolls of remove curse
 d - a scroll of identify
Potions
 f - a potion of mutation


   Skills:
 * Level 2.3 Short Blades
 + Level 2.6 Dodging
 + Level 4.9 Stealth
 - Level 2.0 Spellcasting
 * Level 5.1 Hexes


You had 3 spell levels left.
You knew the following spells:

 Your Spells              Type           Power        Failure   Level  Hunger
a - Corona                Hex            ###....      2%          1    N/A
b - Ensorcelled Hibernat  Hex/Ice        ##....       10%         2    N/A

Your spell library contained the following spells:

 Spells                   Type           Power        Failure   Level  Hunger
 Confusing Touch          Hex            ###.....     7%          3    N/A
 Tukima's Dance           Hex            ###.....     7%          3    N/A
 Dazzling Flash           Conj/Hex       ##....       21%         3    N/A

Dungeon Overview and Level Annotations

Branches:
Dungeon (2/15)

Altars:


Innate Abilities, Weirdness & Mutations

You do not eat.
Your natural rate of healing is unusually fast.
You have razor-sharp teeth.
You have supernaturally acute eyesight. (SInv)
You can survive without breathing.


Message History

* * * LOW HITPOINT WARNING * * *
You feel sick.
* * * LOW HITPOINT WARNING * * *
You feel sick.
* * * LOW HITPOINT WARNING * * *
You feel sick.
* * * LOW HITPOINT WARNING * * *
You feel sick.
Casting: Ensorcelled Hibernation (safe; 10% risk of failure)
Confirm with . or Enter, or press ? or * to list all spells.
Aiming: Ensorcelled Hibernation (safe; 10% risk of failure)
Press: ? - help, Shift-Dir - straight line, f/p - adder
Aim: an adder (almost dead, chance to defeat MR: 50%)
The adder resists with some effort.
* * * LOW HITPOINT WARNING * * *
You feel sick. The adder completely misses you.
You barely miss the adder.
The adder is almost dead.
The adder bites you.
You die...

####.....## #..# #.........# #..#
#.##.....#####..##
.####.###...#........#
................#.....#####
..........................#
...##...###.###.#.#.#.###.#######
#.....#.........#.#..............
#..(#...###....S@....<##########.
#....#.####.###.#.##..# #.
#.......##...##..>....... #>
#.....#...........##..# ##.#####.
#.......##...#######..# #.......
#....#.##...## #..# ######...
#...##.#.#.## #..# #........ #...
....... #..###.####...
#..........# #..().........


You could see an adder.

Vanquished Creatures
  An adder (D:2)
  A dart slug (D:1)
  A leopard gecko (D:2)
  3 giant cockroaches (D:1)
  4 goblins
  A hobgoblin (D:1)
  6 jackals
  3 bats (D:1)
  4 frilled lizards (D:1)
  2 kobolds (D:1)
  4 rats
30 creatures vanquished.

Notes
Turn   | Place    | Note
-------+----------+-------------------------------------------
     0 | D:1      | MrRokkomies the Vampire Enchanter began the quest for the
                  | Orb.
     0 | D:1      | Reached XP level 1. HP: 13/13 MP: 3/3
   379 | D:1      | Reached XP level 2. HP: 12/19 MP: 5/5
   394 | D:1      | Learned a level 2 spell: Ensorcelled Hibernation
   875 | D:1      | Reached skill level 5 in Hexes
   958 | D:2      | Reached XP level 3. HP: 24/24 MP: 6/6
  1213 | D:2      | HP: 1/24 [poisoned by an adder]
  1214 | D:2      | Slain by an adder

Illustrated notes

Levels and vault maps discovered:
D:1:      evilmike_arrival_plus, layout_loops_corners, st_stairs_4,
          minmay_misc_feat_enclosed, minmay_pentomino_v4
D:2:      layout_loops_ring, first_ration, uniq_sigmund

Skill      XL: |  1  2 |
---------------+-------+-----
Short Blades   | 2 |  2.3
Hexes          | 5 |  5.1
Dodging        | |  2.6
Stealth        | |  4.9
Spellcasting   | |  2.0

Action                   || total
-------------------------++-------
Melee: Dagger            ||   141
       Bite              ||     9
 Cast: Ensorcelled Hiber ||     5
  Use: Scroll            ||     4
       Potion            ||     1
 Stab: Sleeping          ||     6
Armor: Robe              ||    26
Dodge: Dodged            ||   118

Table legend:
 A = Non-vault XP
 B = Vault XP
 C = Vault XP percentage of total XP
 D = Non-vault monster count
 E = Vault monster count
 F = Vault count percentage of total count
                 A         B        C        D         E       F
            +---------+---------+-------+---------+---------+-------
      Total |      56 |       6 |   9.7 |      26 |       4 |  13.3
            +---------+---------+-------+---------+---------+-------
        D:1 |      31 |       6 |  16.2 |      18 |       4 |  18.2
        D:2 |      25 |       0 |   0.0 |       8 |       0 |   0.0
            +---------+---------+-------+---------+---------+-------
